 Dungeon Crawl Stone Soup version 0.20.1-1-g8b1a95d (webtiles) character file.

102 rrRat the Slasher (level 4, -2/40 HPs)
             Began as a Draconian Berserker on Nov 7, 2017.
             Was a Follower of Makhleb.
             Slain by a black bear (8 damage)
             ... created by the rage of Trog
             ... on level 3 of the Dungeon.
             The game lasted 00:10:59 (1890 turns).

rrRat the Slasher (Draconian Berserker)             Turns: 1890, Time: 00:11:00

Health: -2/40      AC:  5    Str: 20 (21) XL:     4   Next: 49%
Magic:  13/13      EV: 13    Int:  7      God:    Makhleb [*.....]
Gold:   198        SH:  0    Dex: 10      Spells: 3/3 levels left

rFire    . . .     SeeInvis .   o - +0 spear (venom)
rCold    . . .     Gourm    .   (no shield)
rNeg     . . .     Faith    .   (armour unavailable)
rPois    .         Spirit   .   (helmet restricted)
rElec    .         Reflect  .   (no cloak)
rCorr    .         Harm     .   (no gloves)
MR       .....                  (no boots)
Stlth    +.........             (no amulet)
Regen    0.2/turn               g - ring of magical power
MPRegen  0.2/turn               (no ring)

@: no status effects
A: unfitting armour, cold-blooded, AC +5
a: Renounce Religion


You were on level 3 of the Dungeon.
You worshipped Makhleb.
Makhleb was aware of your devotion.
You were not hungry.

You visited 1 branch of the dungeon, and saw 3 of its levels.

You collected 198 gold pieces.

Inventory:

Hand Weapons
 a - a +0 falchion
 o - a +0 spear of venom (weapon)
Jewellery
 g - a ring of magical power (left hand)
Potions
 c - a potion of flight {unknown}
 e - a potion of lignification {unknown}
 h - 2 potions of might
 i - 2 potions of curing
 l - a potion of agility {unknown}
 m - a potion of heal wounds {unknown}
Comestibles
 b - a bread ration
 d - 12 fruits
 k - 2 meat rations


   Skills:
 + Level 4.0 Fighting
 + Level 4.2 Long Blades
 * Level 0.8 Polearms
 + Level 3.3 Dodging


You had 3 spell levels left.
You didn't know any spells.

Dungeon Overview and Level Annotations

Branches:
Dungeon (3/15)

Altars:
Makhleb
The Shining One

Annotations:
D:3 1 runed door


Innate Abilities, Weirdness & Mutations

Your plain brown scales are hard. (AC +5)
You cannot fit into any form of body armour.
You are cold-blooded and may be slowed by cold attacks.


Message History

4 polar bears and a black bear come into view.
You hit the hobgoblin.
The hobgoblin looks even sicker.
Your tail-slap misses the hobgoblin.
The hobgoblin is almost dead.
You kill the hobgoblin!
Makhleb accepts your kill. The bat closely misses you.
You hit the kobold.
You kill the kobold!
Makhleb accepts your kill. The bat barely misses you.
The polar bear bites you!!
Ouch! That really hurt!
The polar bear closely misses you. The polar bear claws you.
* * * LOW HITPOINT WARNING * * *
The polar bear closely misses you. The polar bear claws you.
* * * LOW HITPOINT WARNING * * *
The polar bear claws you.
* * * LOW HITPOINT WARNING * * *
The black bear bites you!
You die...

########## ####..
......)..#
#...#####
....####.####..#
$..## .##.#
#.......# ....#
.##.# ######..#
J?[?# .##.# #.b#
So(.# .##.#
###.##K(g .##.#
#..hb#S# ###.#
#.#hh@h#
#.########.#.#h##
#..............#
##..######.##..#
#..# #.##..##
#..#
#......####[.
#..#
####.........
#..# #.(.......
#..# #.########


You could see 4 polar bears, a black bear (berserk), an ooze, an orc, a
hobgoblin, 2 bats, 2 ball pythons and a kobold.

Vanquished Creatures
  3 adders
  An ooze (D:2)
  2 worms (D:2)
  2 dart slugs
  3 leopard geckos
  3 orcs (D:3)
  8 bats
  4 goblins
  4 hobgoblins
  5 jackals
  5 kobolds
  3 quokkas (D:3)
  4 frilled lizards
  6 rats
53 creatures vanquished.

Notes
Turn   | Place    | Note
-------+----------+-------------------------------------------
     0 | D:1      | rrRat the Draconian Berserker began the quest for the Orb.
     0 | D:1      | Reached XP level 1. HP: 19/19 MP: 1/1
   120 | D:1      | Reached XP level 2. HP: 24/26 MP: 2/2
   651 | D:2      | Found a burning altar of Makhleb.
   651 | D:2      | Noticed a blizzard demon
   655 | D:2      | Noticed a neqoxec
   655 | D:2      | Noticed a hellwing
   664 | D:2      | Reached XP level 3. HP: 28/33 MP: 3/3
   680 | D:2      | Fell from the grace of Trog
   680 | D:2      | Became a worshipper of Makhleb the Destroyer
   845 | D:2      | Found a glowing golden altar of the Shining One.
  1261 | D:3      | Reached XP level 4. HP: 38/40 MP: 4/4
  1638 | D:3      | Reached * piety under Makhleb
  1709 | D:3      | Found a runed door.
  1889 | D:3      | Noticed a black bear
  1889 | D:3      | Noticed a polar bear
  1889 | D:3      | Noticed a polar bear
  1889 | D:3      | Noticed a polar bear
  1889 | D:3      | Noticed a polar bear
  1890 | D:3      | Slain by a black bear

Skill      XL: |  1  2  3 |
---------------+----------+-----
Dodging        | 3 |  3.3
Fighting       | 4 |  4.0
Long Blades    | 4 |  4.2
Polearms       | |  0.8

Action                   |  1- 3 |  4- 6 || total
-------------------------+-------+-------++-------
Melee: Falchion          |    66 |       ||    66
       Tailslap          |    11 |     4 ||    15
       Spear             |    16 |    60 ||    76
  Use: Scroll            |     7 |     2 ||     9
  Eat: Chunk             |     1 |     2 ||     3
Armor: Skin              |    22 |    18 ||    40
Dodge: Dodged            |    57 |    47 ||   104
       Rpst.: Falchion   |    19 |       ||    19
